TOP OF THE 1ST |
Tulsa Drillers batting - Pitching for Wichita Aeros : RHP Michael Britt
|
Pitching: RHP Michael Britt
|
|
Batting: SHB Paul Householder
|
0-0: Ball 1-0: Ball 2-0: Ball 3-0: Base on Balls
|
Batting: RHB Victor Rios
|
0-0: Ball 1-0: Swinging Strike 1-1: Ball 2-1: Fly out, F8 (Flyball, 8LD, EV 95.6 MPH)
|
Batting: LHB Jim Adduci
|
0-0: Ball Paul Householder steals 2nd base 1-0: Swinging Strike 1-1: SINGLE (Groundball, 4D, EV 98.1 MPH) Paul Householder to third Runner from 3rd tries for Home, SAFE, throw by RF to home Jim Adduci to second
|
Batting: LHB Randy Braun
|
0-0: Called Strike 0-1: Ball 1-1: Foul Ball, location: 2F 1-2: Ball 2-2: Ground out 4-3 (Groundball, 34D, EV 84.4 MPH) Jim Adduci to third
|
Batting: SHB Luis Quinones
|
0-0: Ball 1-0: Ground out 4-3 (Groundball, 4, EV 101.3 MPH)
|
Top of the 1st over - 1 run, 1 hit, 0 errors, 1 left on base; Tulsa 1 - Wichita 0 |
BOTTOM OF THE 1ST |
Wichita Aeros batting - Pitching for Tulsa Drillers : RHP Luis Garcia
|
Pitching: RHP Luis Garcia
|
|
Batting: RHB Jordan Ventura
|
0-0: Swinging Strike 0-1: Ball 1-1: SINGLE (Groundball, 5S, EV 65.6 MPH) (infield hit)
|
Batting: SHB Gary Pettis
|
0-0: Ball 1-0: Ball 2-0: Called Strike 2-1: Called Strike 2-2: Strikes out swinging
|
Batting: LHB Omar Guerrero
|
0-0: Ball 1-0: Ball 2-0: Ball 3-0: Called Strike 3-1: Called Strike 3-2: Base on Balls Jordan Ventura to second
|
Batting: LHB Glenn Gulliver
|
0-0: Ball Jordan Ventura steals 3rd, throwing error, E2 Jordan Ventura scores Omar Guerrero to third 1-0: 2-RUN HOME RUN (Flyball, 9D, EV 93.8 MPH), Distance : 353 ft
|
Batting: LHB Angel Matos
|
0-0: Called Strike 0-1: Ball 1-1: Ball 2-1: Ball 3-1: Base on Balls
|
Batting: RHB Gary House
|
0-0: Called Strike 0-1: Swinging Strike 0-2: Fly out, F8 (Flyball, 8LS, EV 90.0 MPH)
|
Batting: RHB Dave Stenhouse
|
0-0: Ball 1-0: Ball 2-0: Called Strike 2-1: Ball 3-1: Fielders Choice at 2nd, 6-4 (Groundball, 6, EV 106.9 MPH)
|
Bottom of the 1st over - 3 runs, 2 hits, 1 error, 1 left on base; Tulsa 1 - Wichita 3 |
TOP OF THE 2ND |
Tulsa Drillers batting - Pitching for Wichita Aeros : RHP Michael Britt
|
Batting: RHB Bob Grandas
|
0-0: Called Strike 0-1: Called Strike 0-2: Ball 1-2: Ground out 6-3 (Groundball, 6, EV 106.9 MPH)
|
Batting: RHB Bob E Johnson
|
0-0: Fly out, F8 (Flyball, 8RXD, EV 83.8 MPH)
|
Batting: RHB Don Ruzek
|
0-0: Ball 1-0: Called Strike 1-1: Foul Ball, location: 2F 1-2: Foul Ball, location: 2F 1-2: Foul Ball, location: 2F 1-2: Foul Ball, location: 2F 1-2: Strikes out swinging
|
Top of the 2nd over - 0 runs, 0 hits, 0 errors, 0 left on base; Tulsa 1 - Wichita 3 |
BOTTOM OF THE 2ND |
Wichita Aeros batting - Pitching for Tulsa Drillers : RHP Luis Garcia
|
Batting: LHB Jesus Ramos
|
0-0: Foul Ball, location: 2F 0-1: Ball 1-1: Reached on error, E9 (Flyball, 9, EV 86.9 MPH)
|
Batting: RHB Julio Collazo
|
0-0: Ball 1-0: Called Strike 1-1: Foul Ball, location: 2F 1-2: Strikes out swinging
|
Batting: RHB Jordan Ventura
|
0-0: Called Strike Jesus Ramos is caught stealing 2nd base 2-4 0-1: Ball 1-1: Foul Ball, location: 2F 1-2: Strikes out looking
|
Bottom of the 2nd over - 0 runs, 0 hits, 1 error, 0 left on base; Tulsa 1 - Wichita 3 |
TOP OF THE 3RD |
Tulsa Drillers batting - Pitching for Wichita Aeros : RHP Michael Britt
|
Batting: RHB Onix Concepcion
|
0-0: Foul Ball, location: 2F 0-1: Called Strike 0-2: Ball 1-2: Ground out 6-3 (Groundball, 6, EV 100.6 MPH)
|
Batting: SHB Paul Householder
|
0-0: SINGLE (Groundball, 34S, EV 73.8 MPH) (infield hit)
|
Batting: RHB Victor Rios
|
0-0: Ball 1-0: Fielders Choice at 2nd, 6-4 (Groundball, 6, EV 83.8 MPH)
|
Batting: LHB Jim Adduci
|
0-0: Ball Victor Rios is caught stealing 2nd base 2-6
|
Top of the 3rd over - 0 runs, 1 hit, 0 errors, 0 left on base; Tulsa 1 - Wichita 3 |
BOTTOM OF THE 3RD |
Wichita Aeros batting - Pitching for Tulsa Drillers : RHP Luis Garcia
|
Batting: SHB Gary Pettis
|
0-0: Ground out 5-3 (Groundball, 56, EV 98.1 MPH)
|
Batting: LHB Omar Guerrero
|
0-0: SINGLE (Line Drive, 5D, EV 96.9 MPH)
|
Batting: LHB Glenn Gulliver
|
0-0: Ball 1-0: Called Strike 1-1: Ball 2-1: Ball 3-1: Foul Ball, location: 2F 3-2: Ground out 5-3 (Groundball, 56S, EV 88.1 MPH) Omar Guerrero to second
|
Batting: LHB Angel Matos
|
0-0: Called Strike 0-1: Ground out 5-3 (Groundball, 56, EV 100.6 MPH)
|
Bottom of the 3rd over - 0 runs, 1 hit, 0 errors, 1 left on base; Tulsa 1 - Wichita 3 |
TOP OF THE 4TH |
Tulsa Drillers batting - Pitching for Wichita Aeros : RHP Michael Britt
|
Batting: LHB Jim Adduci
|
0-0: Fly out, F5 (Popup, 5S, EV 78.8 MPH)
|
Batting: LHB Randy Braun
|
0-0: Foul Ball, location: 2F 0-1: Swinging Strike 0-2: Ball 1-2: Strikes out swinging
|
Batting: SHB Luis Quinones
|
0-0: Foul Ball, location: 2F 0-1: Foul Ball, location: 2F 0-2: Foul Ball, location: 2F 0-2: Ball 1-2: Ball 2-2: Ground out U3 (Groundball, 3, EV 85.6 MPH)
|
Top of the 4th over - 0 runs, 0 hits, 0 errors, 0 left on base; Tulsa 1 - Wichita 3 |
BOTTOM OF THE 4TH |
Wichita Aeros batting - Pitching for Tulsa Drillers : RHP Luis Garcia
|
Batting: RHB Gary House
|
0-0: Foul Ball, location: 2F 0-1: Foul Ball, location: 2F 0-2: Ball 1-2: Hit by Pitch
|
Batting: RHB Dave Stenhouse
|
0-0: 2-RUN HOME RUN (Flyball, 7D, EV 106.9 MPH), Distance : 360 ft
|
Batting: LHB Jesus Ramos
|
0-0: Ball 1-0: Ball 2-0: Ball 3-0: Called Strike 3-1: Foul Ball, location: 2F 3-2: Fly out, F7 (Flyball, 7, EV 86.9 MPH)
|
Batting: RHB Julio Collazo
|
0-0: Called Strike 0-1: Foul Ball, location: 2F 0-2: Ball 1-2: Fly out, F8 (Line Drive, 8RD, EV 95.0 MPH)
|
Batting: RHB Jordan Ventura
|
0-0: Called Strike 0-1: Ball 1-1: Foul Ball, location: 2F 1-2: Foul Ball, location: 2F 1-2: Strikes out swinging
|
Bottom of the 4th over - 2 runs, 1 hit, 0 errors, 0 left on base; Tulsa 1 - Wichita 5 |
TOP OF THE 5TH |
Tulsa Drillers batting - Pitching for Wichita Aeros : RHP Michael Britt
|
Batting: RHB Bob Grandas
|
0-0: Ball 1-0: Ball 2-0: Called Strike 2-1: Ball 3-1: Swinging Strike 3-2: Foul Ball, location: 2F 3-2: Fly out, F8 (Flyball, 78XD, EV 94.4 MPH)
|
Batting: RHB Bob E Johnson
|
0-0: Ball 1-0: Swinging Strike 1-1: Called Strike 1-2: Fly out, F9 (Line Drive, 9, EV 100.0 MPH)
|
Batting: RHB Don Ruzek
|
0-0: Ball 1-0: Ball 2-0: Foul Ball, location: 2F 2-1: Foul Ball, location: 2F 2-2: SINGLE (Groundball, 25, EV 66.3 MPH) (infield hit)
|
Batting: RHB Onix Concepcion
|
0-0: Swinging Strike 0-1: Ball 1-1: Ball 2-1: Foul Ball, location: 2F 2-2: Strikes out swinging
|
Top of the 5th over - 0 runs, 1 hit, 0 errors, 1 left on base; Tulsa 1 - Wichita 5 |
BOTTOM OF THE 5TH |
Wichita Aeros batting - Pitching for Tulsa Drillers : RHP Luis Garcia
|
Batting: SHB Gary Pettis
|
0-0: Called Strike 0-1: Ball 1-1: Ball 2-1: SINGLE (Line Drive, 9S, EV 110.0 MPH)
|
Batting: LHB Omar Guerrero
|
0-0: Ball 1-0: Swinging Strike 1-1: Ball 2-1: Swinging Strike 2-2: Ball Gary Pettis steals 2nd base 3-2: Fly out, F6 (Popup, 6M, EV 73.8 MPH)
|
Batting: LHB Glenn Gulliver
|
0-0: Fly out, F9 (Line Drive, 9, EV 92.5 MPH)
|
Batting: LHB Angel Matos
|
0-0: Swinging Strike 0-1: SINGLE (Line Drive, 34D, EV 97.5 MPH) Gary Pettis to third Runner from 3rd tries for Home, SAFE, throw by RF to home
|
Pitching: RHP Keith Bonine
|
|
Batting: RHB Gary House
|
0-0: Foul Ball, location: 2F 0-1: Called Strike 0-2: Ball 1-2: Ball 2-2: SINGLE (Groundball, 4MD, EV 101.3 MPH) Angel Matos to second
|
Batting: RHB Dave Stenhouse
|
0-0: Ball 1-0: Called Strike 1-1: Called Strike 1-2: Ball 2-2: Foul Ball, location: 2F 2-2: Ball 3-2: Base on Balls Angel Matos to third Gary House to second
|
Batting: LHB Jesus Ramos
|
0-0: Ball 1-0: Swinging Strike 1-1: Foul Ball, location: 2F 1-2: Ball 2-2: Strikes out looking
|
Bottom of the 5th over - 1 run, 3 hits, 0 errors, 3 left on base; Tulsa 1 - Wichita 6 |
TOP OF THE 6TH |
Tulsa Drillers batting - Pitching for Wichita Aeros : RHP Michael Britt
|
Batting: SHB Paul Householder
|
0-0: Ball 1-0: Foul Ball, location: 2F 1-1: Ball 2-1: Called Strike 2-2: Strikes out looking
|
Batting: RHB Victor Rios
|
0-0: Foul Ball, location: 2F 0-1: Swinging Strike 0-2: Ball 1-2: Foul Ball, location: 2F 1-2: Ground out 6-3 (Groundball, 6, EV 82.5 MPH)
|
Batting: LHB Jim Adduci
|
0-0: Ball 1-0: Called Strike 1-1: Called Strike 1-2: Fly out, F8 (Flyball, 8LS, EV 96.9 MPH)
|
Top of the 6th over - 0 runs, 0 hits, 0 errors, 0 left on base; Tulsa 1 - Wichita 6 |
BOTTOM OF THE 6TH |
Wichita Aeros batting - Pitching for Tulsa Drillers : RHP Keith Bonine
|
Batting: RHB Julio Collazo
|
0-0: Ball 1-0: SINGLE (Line Drive, 8RS, EV 107.5 MPH)
|
Batting: RHB Jordan Ventura
|
0-0: Ball 1-0: Fielders Choice at 2nd, 1-4 (Groundball, 15, EV 73.8 MPH)
|
Batting: SHB Gary Pettis
|
0-0: Foul Ball, location: 2F 0-1: Ball 1-1: Fielders Choice at 2nd, 5-4 (Groundball, 56, EV 86.9 MPH)
|
Batting: LHB Omar Guerrero
|
0-0: Called Strike 0-1: Fly out, F9 (Flyball, 9S, EV 88.8 MPH)
|
Bottom of the 6th over - 0 runs, 1 hit, 0 errors, 1 left on base; Tulsa 1 - Wichita 6 |
TOP OF THE 7TH |
Tulsa Drillers batting - Pitching for Wichita Aeros : RHP Michael Britt
|
Batting: LHB Randy Braun
|
0-0: Swinging Strike 0-1: Called Strike 0-2: Strikes out swinging
|
Batting: SHB Luis Quinones
|
0-0: SINGLE (Groundball, 4MD, EV 95.0 MPH)
|
Batting: RHB Bob Grandas
|
0-0: Called Strike 0-1: Called Strike 0-2: Ball Pickoff Throw by Catcher to First - Out! 1-2: Ball 2-2: Ground out 6-3 (Groundball, 56, EV 88.8 MPH)
|
Top of the 7th over - 0 runs, 1 hit, 0 errors, 0 left on base; Tulsa 1 - Wichita 6 |
BOTTOM OF THE 7TH |
Wichita Aeros batting - Pitching for Tulsa Drillers : RHP Keith Bonine
|
Batting: LHB Glenn Gulliver
|
0-0: Called Strike 0-1: Fly out, F8 (Flyball, 8RM, EV 85.0 MPH)
|
Batting: LHB Angel Matos
|
0-0: Ball 1-0: Ball 2-0: Called Strike 2-1: Ball 3-1: Base on Balls
|
Batting: RHB Gary House
|
0-0: Called Strike 0-1: Ball 1-1: Ball 2-1: Fielders Choice at 2nd, 3-6 (Groundball, 3, EV 106.9 MPH)
|
Batting: RHB Dave Stenhouse
|
0-0: Called Strike 0-1: Swinging Strike Gary House steals 2nd base 0-2: Foul Ball, location: 2F 0-2: Ball 1-2: Foul Ball, location: 2F 1-2: Foul Ball, location: 2F 1-2: Strikes out looking
|
Bottom of the 7th over - 0 runs, 0 hits, 0 errors, 1 left on base; Tulsa 1 - Wichita 6 |
TOP OF THE 8TH |
Tulsa Drillers batting - Pitching for Wichita Aeros : RHP Michael Britt
|
Batting: RHB Bob E Johnson
|
0-0: Ball 1-0: DOUBLE (Line Drive, 9LM, EV 100.0 MPH)
|
Batting: RHB Don Ruzek
|
0-0: Ball 1-0: Ball 2-0: Ball 3-0: Called Strike 3-1: Foul Ball, location: 2F 3-2: Base on Balls
|
Batting: RHB Onix Concepcion
|
0-0: DOUBLE (Flyball, 8RD, EV 106.3 MPH) Bob E Johnson scores Don Ruzek to third
|
Batting: SHB Paul Householder
|
0-0: Ball 1-0: Ball 2-0: Ball 3-0: Called Strike 3-1: Hit by Pitch
|
Batting: RHB Victor Rios
|
0-0: Swinging Strike 0-1: Ball 1-1: Called Strike 1-2: Foul Ball, location: 2F 1-2: Foul Ball, location: 2F 1-2: Foul Ball, location: 2F 1-2: SINGLE (Flyball, 9LS, EV 88.8 MPH) Don Ruzek scores Onix Concepcion to third Paul Householder to second
|
Batting: LHB Jim Adduci
|
0-0: Ball 1-0: Ball 2-0: Foul Ball, location: 2F 2-1: Ball 3-1: SINGLE (Groundball, 6, EV 100.0 MPH) Onix Concepcion scores Paul Householder to third Victor Rios to second Runner from 3rd tries for Home, SAFE, throw by LF to home
|
Pitching: RHP Joey McLaughlin
|
|
Batting: LHB Randy Braun
|
0-0: Fielders Choice at 2nd, 6-4 (Groundball, 56, EV 105.0 MPH) Victor Rios to third
|
Pinch Hitting: LHB Mike Pagliarulo
|
0-0: Called Strike 0-1: Swinging Strike 0-2: Strikes out swinging
|
Batting: RHB Bob Grandas
|
0-0: Called Strike 0-1: Ball 1-1: Fielders Choice at 2nd, 6-4 (Groundball, 6, EV 82.5 MPH)
|
Top of the 8th over - 4 runs, 4 hits, 0 errors, 2 left on base; Tulsa 5 - Wichita 6 |
BOTTOM OF THE 8TH |
Wichita Aeros batting - Pitching for Tulsa Drillers : RHP Keith Bonine
|
Now at 3B: Mike Pagliarulo
|
|
Batting: LHB Jesus Ramos
|
0-0: Ground out U3 (Groundball, 3, EV 88.1 MPH)
|
Batting: RHB Julio Collazo
|
0-0: Foul Ball, location: 2F 0-1: Swinging Strike 0-2: Ball 1-2: Strikes out swinging
|
Batting: RHB Jordan Ventura
|
0-0: Ball 1-0: Ball 2-0: Foul Ball, location: 2F 2-1: Ball 3-1: Ground out 4-3 (Groundball, 4S, EV 81.3 MPH)
|
Bottom of the 8th over - 0 runs, 0 hits, 0 errors, 0 left on base; Tulsa 5 - Wichita 6 |
TOP OF THE 9TH |
Tulsa Drillers batting - Pitching for Wichita Aeros : RHP Joey McLaughlin
|
Now at 2B: Victor Mabee
|
|
Batting: RHB Bob E Johnson
|
0-0: SINGLE (Line Drive, 9LM, EV 105.0 MPH)
|
Batting: RHB Don Ruzek
|
0-0: Bunt missed! 0-1: Bunted foul 0-2: Ball 1-2: Foul Ball, location: 2F 1-2: Foul Ball, location: 2F 1-2: Ball 2-2: SINGLE (Groundball, 6MD, EV 96.3 MPH) Bob E Johnson to second Runner from 2nd tries for 3rd, SAFE, throw by CF made to third
|
Pinch Hitting: LHB Casey Parsons
|
0-0: Ball 1-0: Ball 2-0: Ball 3-0: Called Strike 3-1: Base on Balls Don Ruzek to second
|
Batting: SHB Paul Householder
|
0-0: Foul Ball, location: 2F 0-1: Foul Ball, location: 2F 0-2: Ball 1-2: SINGLE (Groundball, 56D, EV 97.5 MPH) Bob E Johnson scores Don Ruzek to third Casey Parsons to second Runner from 3rd tries for Home, SAFE, throw by LF to home
|
Batting: RHB Victor Rios
|
0-0: Bunt missed! 0-1: Bunted foul 0-2: Fly out, F9 (Line Drive, 9D, EV 102.5 MPH) Runner from 2nd tags up, SAFE at 3rd, no throw by RF
|
Batting: LHB Jim Adduci
|
0-0: Ball 1-0: Swinging Strike 1-1: Ball 2-1: Foul Ball, location: 2F 2-2: Ball Paul Householder steals 2nd base (no throw) 3-2: DOUBLE (Flyball, 5D, EV 90.6 MPH) Casey Parsons scores Paul Householder scores
|
Pitching: RHP Steve Crawford
|
|
Batting: LHB Randy Braun
|
0-0: Called Strike 0-1: Ball 1-1: Reached via error on a dropped throw from 1B, E1 (Groundball, 3L, EV 103.8 MPH) Jim Adduci to third
|
Pitching: RHP Rob Pietroburgo
|
|
Batting: LHB Mike Pagliarulo
|
0-0: Ball 1-0: Called Strike 1-1: SINGLE (Groundball, 6MS, EV 70.6 MPH) (infield hit) Jim Adduci scores Randy Braun to second
|
Batting: RHB Bob Grandas
|
0-0: Swinging Strike 0-1: Ball 1-1: Ball 2-1: Swinging Strike 2-2: Foul Ball, location: 2F 2-2: Ball 3-2: Fly out, F7 (Flyball, 78XD, EV 104.4 MPH) Runner from 2nd tags up, SAFE at 3rd, no throw by LF
|
Batting: RHB Bob E Johnson
|
0-0: Ball 1-0: Ground out 5-3 (Groundball, 56, EV 86.9 MPH)
|
Top of the 9th over - 5 runs, 5 hits, 1 error, 2 left on base; Tulsa 10 - Wichita 6 |
BOTTOM OF THE 9TH |
Wichita Aeros batting - Pitching for Tulsa Drillers : RHP Keith Bonine
|
Now at 2B: Michael Johnson
|
|
Batting: SHB Gary Pettis
|
0-0: Called Strike 0-1: Ball 1-1: Ball 2-1: Foul Ball, location: 2F 2-2: DOUBLE (Line Drive, 89D, EV 99.4 MPH)
|
Pitching: LHP Jeff Schneider
|
|
Batting: LHB Omar Guerrero
|
0-0: Foul Ball, location: 2F 0-1: Ball 1-1: Ground out 6-3 (Groundball, 6, EV 97.5 MPH)
|
Batting: LHB Glenn Gulliver
|
0-0: DOUBLE (Line Drive, 7LS, EV 109.4 MPH) Gary Pettis scores
|
Batting: LHB Angel Matos
|
0-0: Fly out, F8 (Flyball, 8LXD, EV 81.9 MPH) Runner from 2nd tags up, SAFE at 3rd, no throw by CF
|
Batting: RHB Gary House
|
0-0: Ball 1-0: Swinging Strike 1-1: Ball 2-1: Ball 3-1: Called Strike 3-2: Foul Ball, location: 2F 3-2: Foul Ball, location: 2F 3-2: Base on Balls
|
Pitching: RHP David Melendez
|
|
Pinch Hitting: LHB Michael Barnes
|
0-0: Ground out 6-3 (Groundball, 56, EV 97.5 MPH)
|
Bottom of the 9th over - 1 run, 2 hits, 0 errors, 2 left on base; Tulsa 10 - Wichita 7 |
|